 Dungeon Sprint DCSS version 0.30-a0-852-g08b95dd62f (webtiles) character file.

Game seed: 12204702160997195591

582 dialectric the Protected (level 7, -14/56 HPs)
             Began as a Demonspawn Fighter on Mar 4, 2023.
             Was an Initiate of Trog.
             Demolished by a tentacle (15 damage)
             ... attached to a kraken
             ... in the Dungeon (Sprint II: "The Violet Keep of Menkaure").
             The game lasted 00:01:04 (83 turns).

dialectric the Protected (Demonspawn Fighter)         Turns: 83, Time: 00:01:04

Health: -14/56     AC:  8    Str: 18    XL:     7   Next: 14%
Magic:  7/7        EV: 11    Int:  9    God:    Trog [......]
Gold:   243        SH:  4    Dex: 13    Spells: 6/6 levels left

rFire   . . .      SeeInvis .    a - +0 long sword
rCold   . . .      Faith    .    (no shield)
rNeg    . . .      Spirit   .    b - +0 scale mail
rPois   .          Reflect  .    (no helmet)
rElec   .          Rampage  .    (no cloak)
rCorr   .          NoTele   +    (no gloves)
Will    .....                    (no boots) Stlth
                                 (no amulet)
HPRegen 0.29/turn                (no ring)
MPRegen 0.10/turn                (no ring)

@: no status effects
A: large bone plates 1, powered by death 1, weakness stinger 2
a: Renounce Religion


You were in the Dungeon.
You worshipped Trog.
Trog was noncommittal.
You visited 1 branch You collected 243 gold pieces.

Inventory:

Hand Weapons
 a - a +0 long sword (weapon)
Armour
 b - a +0 scale mail (worn)
 c - a +0 buckler
Potions
 g - a potion of haste
 h - 2 potions of magic
 i - a potion of berserk rage


   Skills:
 - Level 5.0 Fighting
 * Level 8.7 Long Blades
 + Level 8.9 Armour
 - Level 3.1 Dodging
 + Level 6.4 Shields


You had 6 spell levels left.
You didn't know any spells.
Your spell library was empty.

Dungeon Overview and Level Annotations

Branches:
Dungeon (1/1)

Altars:
Cheibriados
Dithmenos
Fedhas
Gozag
Hepliaklqana
Kikubaaqudgha
Makhleb
Nemelex Xobeh
Okawaru
Qazlal
Ru
Sif Muna
Trog
Uskayaw
Vehumet
Wu Jian
Xom
Yredelemnul
Jiyva
Lugonu


Innate Abilities, Weirdness & Mutations

You are partially covered in large bone plates. (SH +4)
You regenerate a little health from kills.
You have a tail ending in a sharp stinger.


Message History

You are engulfed in a cloud of scalding steam.
* * * LOW HITPOINT WARNING * * *
Found a blossoming altar of Fedhas.
You open the door.
You feel a little less mighty now.
Found four items.
Found five altars.
There is an open door here.
Found eight items.
Found three altars.
Found 16 gold pieces, 3 potions of magic and a hand axe.
There is a viscous altar of Jiyva here.
There is a shimmering blue altar of Sif Muna here.
The water moccasin hisses angrily.
There is a bloodstained altar of Trog here.
You kneel at the altar of Trog.
Trog welcomes you!
The water moccasin hisses angrily.
There is a shimmering blue altar of Sif Muna here.
There is a viscous altar of Jiyva here.
Found a scroll labelled ICAGOI DIYNE and a glowing mace.
There is a roughly hewn altar of Beogh here.
There is an open door here.
You enter the shallow water.
Moving in this stuff is going to be slow.
Found 9 gold pieces.
Found nine items.
Found six items.
Found a scale mail, 52 gold pieces and a yellow potion.
Blink to where?
Press: ? - help, Dir - move target A kraken comes into view.
As you read the scroll of blinking, it crumbles to dust.
Tentacles burst out of the water!
A tentacle comes into view.
You open the door. The tentacle slaps you.
* * * LOW HITPOINT WARNING * * *
Found seven items.
The tentacle barely misses you. The tentacle slaps you!
* * * LOW HITPOINT WARNING * * *
There is an open door, spattered with blood here.
Found nine items.
The tentacle slaps you!
You die...

○▓!$?!)!?$▓▓
|▓"[?$:$(!▓▓ +^###
°▓!$)!$:)$▓▓ .^.#
#▓)?$$$$$$▓▓ # #..#
#▓?[($)!?$▓▓ # +..#
#▓$!)!)?!!▓▓ # #..#
#▓[[?[!$$$▓▓
####^.####▓?$))$@?[▓▓
..###...##▓▓▓▓▓▓▓w▓▓▓▓+▓
§...~~~~~~~~~~~~~.──X≈≈▓
...§~#'########+###www≈▓
~~§.~#.._.....#S§~##≈≈≈▓
~§~§~#._._....#S~≈≈ ###▓
§~~~~#_._._...#~~~~≈
≈§~~§#._._._..#§§~§≈
≈≈≈≈§#_._._._.#§§§~§


You could see a kraken and 4 tentacles.

Vanquished Creatures
  A merfolk siren (D)
  4 necrophages (D)
5 creatures vanquished.

Notes
Turn   | Place    | Note
-------+----------+-------------------------------------------
     0 | D        | dialectric the Demonspawn Fighter began the quest for the
                  | Orb.
     0 | D        | Reached XP level 1. HP: 18/18 MP: 1/1
     8 | D        | Noticed a necrophage
     8 | D        | Noticed a necrophage
     8 | D        | Noticed a necrophage
     8 | D        | Noticed a necrophage
    16 | D        | Killed a necrophage
    17 | D        | Reached skill level 5 in Fighting
    17 | D        | Gained mutation: You are partially covered in large bone
                  | plates. (SH +4) [demonic ancestry]
    17 | D        | Reached XP level 2. HP: 14/27 MP: 2/2
    17 | D        | Reached XP level 3. HP: 17/33 MP: 3/3
    19 | D        | Killed a necrophage
    20 | D        | Reached skill level 5 in Armour
    20 | D        | Gained mutation: You have a small tail. [demonic ancestry]
    20 | D        | Reached XP level 4. HP: 16/39 MP: 4/4
    26 | D        | Killed a necrophage
    27 | D        | Reached skill level 5 in Long Blades
    27 | D        | Gained mutation: You have a tail ending in a sharp stinger.
                  | [demonic ancestry]
    27 | D        | Reached XP level 5. HP: 6/44 MP: 5/5
    30 | D        | Reached skill level 5 in Shields
    34 | D        | Noticed a merfolk siren
    43 | D        | Killed a merfolk siren
    44 | D        | Reached XP level 6. HP: 6/51 MP: 6/6
    44 | D        | Gained mutation: You regenerate a little health from kills.
                  | [demonic ancestry]
    44 | D        | Reached XP level 7. HP: 7/56 MP: 7/7
    51 | D        | Found a stormy altar of Qazlal.
    51 | D        | Found an ornate altar of the Wu Jian Council.
    52 | D        | Found a hazy altar of Hepliaklqana.
    52 | D        | Found a sacrificial altar of Ru.
    53 | D        | Found a viscous altar of Jiyva.
    53 | D        | Found a shimmering blue altar of Sif Muna.
    54 | D        | Found a snail-covered altar of Cheibriados.
    54 | D        | Found an ancient bone altar of Kikubaaqudgha.
    54 | D        | Found a shimmering altar of Xom.
    54 | D        | Found a bloodstained altar of Trog.
    55 | D        | Found a shadowy altar of Dithmenos.
    55 | D        | Found a corrupted altar of Lugonu.
    56 | D        | Found a burning altar of Makhleb.
    57 | D        | Found a blossoming altar of Fedhas.
    59 | D        | Found an opulent altar of Gozag.
    59 | D        | Found a basalt altar of Yredelemnul.
    59 | D        | Found a hide-covered altar of Uskayaw.
    59 | D        | Found a sparkling altar of Nemelex Xobeh.
    60 | D        | Found a radiant altar of Vehumet.
    60 | D        | Found an iron altar of Okawaru.
    66 | D        | Became a worshipper of Trog the Wrathful
    77 | D        | Found the +2 pair of slick slippers {slick, slippery, EV+5}
    80 | D        | Noticed a kraken
    82 | D        | HP: 1/56 [tentacle[a kraken] (15)]
    83 | D        | Demolished by a tentacle

Illustrated notes

Levels and vault maps discovered:
D:        the_violet_keep_of_menkaure [sprint2_stairs_cluster_1,
          sprint2_shoproom, sprint2_temple, sprint2_basic_supplies,
          sprint2_obstacle_5, sprint2_obstacle_3, sprint2_obstacle_1,
          sprint2_obstacle_7, sprint2_obstacle_4, sprint2_timed_cluster_1,
          sprint2_smallroom_cluster_1, sprint2_smallroom_final_cluster_1,
          sprint2_transparent_cluster_1, sprint2_second_timed_cluster_1,
          sprint2_sniper_area_1, sprint2_heavy_combat_area_1,
          sprint2_mutation_trap_area_1, sprint2_forest_area_1,
          sprint2_light_combat_area_1, sprint2_behind_water_1,
          sprint2_near_end_vault_1]

Skill      XL: |  1  2  3  4  5 |
---------------+----------------+-----
Fighting       | 5 |  5.0
Long Blades    | 2 4 5 8 |  8.7
Armour         | 4 5 6 8 |  8.9
Dodging        | 3 |  3.1
Shields        | 3 4 6 |  6.4

Action                     |  1- 3 |  4- 6 |  7- 9 || total
---------------------------+-------+-------+-------++-------
  Melee: Long sword        |    10 |    15 |       ||    25
         Tailslap          |       |     2 |       ||     2
    Use: Potion            |     1 |     2 |       ||     3
         Scroll            |       |       |     1 ||     1
 Armour: Scale mail        |     5 |     3 |       ||     8
  Dodge: Dodged            |     2 |     4 |     1 ||     7
  Block: Other             |       |     3 |       ||     3

Table legend: (Time is in decaauts)
 A = Elapsed time spent in this place.
 B = Non-inter-level travel time spent in this place.
 C = Inter-level travel time spent in this place.
 D = Time resting spent in this place.
 E = Time spent auto-exploring this place.
 F = Levels seen in this place.
 G = Mean time per level.
                   A        B        C        D        E       F      G
               +--------+--------+--------+--------+--------+-----+--------+
         Total |     92 |     92 |      0 |      0 |      0 |   1 |   92.0 |
       Dungeon |     92 |     92 |      0 |      0 |      0 |   1 |   92.0 |
               +--------+--------+--------+--------+--------+-----+--------+

Top non-repeatable levels by time:
       D: 92 daAuts
